 Dungeon Crawl Stone Soup version 0.14-a0-2100-g3cf34dd (webtiles) character file.

348 Kae the Firebug (level 6, -4/32 HPs)
             Began as a Tengu Fire Elementalist on Jan 26, 2014.
             Slain by a crocodile (16 damage)
             ... on Level 4 of the Dungeon.
             The game lasted 00:04:49 (3712 turns).

Kae the Firebug (Tengu Fire Elementalist)           Turns: 3712, Time: 00:04:49

HP  -4/32        AC  3     Str  8      XL: 6   Next: 10%
MP   8/15        EV 12     Int 17      God:
Gold 104         SH  0     Dex 15      Spells:  3 memorised,  5 levels left

rFire  . . .     SeeInvis .     t - +2,+0 whip (elec)
rCold  . . .     Clarity  .     a - +0 robe
rNeg   . . .     Conserve .     (no shield)
rPois  .         rCorr    .     (helmet restricted)
rElec  .         rRot     .     (no cloak)
SustAb . .       Spirit   .     z - +0 pair of gloves
rMut   .         Warding  .     (boots unavailable)
Saprov . . .     Stasis   .     (no amulet)
MR     .....                    (no ring)
                                (no ring)

@: not resistant to hostile enchantments, fairly stealthy
A: able to fly, beak, talons 3
a: Fly


You were on level 4 of the Dungeon.
You were hungry.

You visited 1 branch of the dungeon, and saw 4 of its levels.

You collected 104 gold pieces.

Inventory:

Hand weapons
 t - a +2,+0 whip of electrocution (weapon)
Armour
 a - a +0 robe (worn)
 z - a +0 pair of gloves (worn)
Magical devices
 u - a wand of frost (6)
Comestibles
 c - 3 bread rations
 f - 4 meat rations
 o - 2 apples
 B - a chunk of rat flesh
 C - a rotting chunk of orc flesh
 D - 2 rotting chunks of goblin flesh
Scrolls
 d - a scroll of curse weapon {unknown}
 e - 3 scrolls of recharging {unknown}
 h - a scroll of enchant armour {unknown}
 i - a scroll of noise {unknown}
 j - 2 scrolls of enchant weapon II {unknown}
 n - a scroll of random uselessness {unknown}
 q - a scroll of amnesia {unknown}
 s - 2 scrolls of identify {unknown}
 v - a scroll of remove curse {unknown}
 w - 2 scrolls of teleportation {unknown}
Jewellery
 l - an uncursed ring of protection from magic {unknown}
 m - a +4 ring of intelligence {unknown}
 p - an uncursed ring of protection from magic {unknown}
 y - an uncursed amulet of inaccuracy {unknown}
Potions
 g - a potion of degeneration {unknown}
 k - 2 potions of curing {unknown}
 r - a potion of speed {unknown}
 A - 2 potions of brilliance {unknown}
Books
 b - a book of Flames

   Spells                             Type                      Level
   *Flame Tongue                      Conjuration/Fire             1
   *Throw Flame                       Conjuration/Fire             2
   *Conjure Flame                     Conjuration/Fire             3
   Inner Flame                        Hexes/Fire                   3
   Sticky Flame                       Conjuration/Fire             4
   Fireball                           Conjuration/Fire             5


   Skills:
 - Level 2.1 Dodging
 - Level 2.0 Stealth
 + Level 3.1 Spellcasting
 * Level 4.7 Conjurations
 * Level 5.3 Fire Magic


You had 5 spell levels left.
You knew the following spells:

 Your Spells              Type           Power        Failure   Level  Hunger
a - Flame Tongue          Conj/Fire      ###..        2%          1    None
b - Throw Flame           Conj/Fire      ###...       3%          2    ##.....
c - Conjure Flame         Conj/Fire      ###.....     10%         3    ###....


Dungeon Overview and Level Annotations

Branches:
Dungeon (4/16)
 Temple: D:4-7

Altars:
Makhleb


Innate Abilities, Weirdness & Mutations

You can fly.
You have a beak for a mouth.
You have claws for feet.


Message History

Aim: a crocodile (severely wounded)
The flame misses the crocodile.
The crocodile misses you.
Casting: Flame Tongue
Confirm with . or Enter, or press ? or * to list all spells.
Aiming: Flame Tongue
Press: ? - help, Shift-Dir - straight line, f/p - crocodile
Aim: a crocodile (severely wounded)
The flame hits the crocodile.
The crocodile is almost dead.
The crocodile closely misses you.
Casting: Flame Tongue
Confirm with . or Enter, or press ? or * to list all spells.
Aiming: Flame Tongue
Press: ? - help, Shift-Dir - straight line, f/p - crocodile
Aim: a crocodile (almost dead)
The flame hits the crocodile.
The crocodile is almost dead.
The crocodile bites you!
Ouch! That really hurt!
You die...

### #.# ..#
#.# #.# #t#
#@# #.# #.#
#.#####
#.....#####
#.##.....<#
#.##.######
#.##........#
#.##########


You could see a crocodile.

Vanquished Creatures
  An orc priest (D:3)
  Ijyb (D:3)
  Terence (D:3)
  8 adders
  A giant mite (D:3)
  3 worms (D:3)
  7 orcs (D:3)
  8 bats
  2 giant cockroaches
  9 goblins
  10 hobgoblins
  8 jackals
  2 quokkas (D:3)
  4 giant newts
  9 kobolds
  14 rats
88 creatures vanquished.

Notes
Turn   | Place    | Note
--------------------------------------------------------------
     0 | D:1      | Kae, the Tengu Fire Elementalist, began the quest for the Orb.
     0 | D:1      | Reached XP level 1. HP: 10/10 MP: 3/3
   339 | D:1      | Reached XP level 2. HP: 12/15 MP: 0/5
   855 | D:1      | Reached XP level 3. HP: 15/19 MP: 2/7
  1257 | D:1      | Reached skill level 4 in Fire Magic
  1588 | D:2      | Learned a level 2 spell: Throw Flame
  1592 | D:2      | Learned a level 3 spell: Conjure Flame
  1981 | D:2      | Reached XP level 4. HP: 24/24 MP: 3/9
  2291 | D:2      | Found a burning altar of Makhleb.
  2291 | D:2      | Noticed a green death
  2658 | D:3      | Noticed Ijyb
  2671 | D:3      | Killed Ijyb
  2671 | D:3      | Reached XP level 5. HP: 16/28 MP: 11/11
  2784 | D:3      | Noticed Terence
  2792 | D:3      | Killed Terence
  3077 | D:3      | Reached skill level 5 in Fire Magic
  3623 | D:3      | Reached XP level 6. HP: 26/32 MP: 9/15
  3712 | D:4      | Slain by a crocodile

Action                   |  1- 3 |  4- 6 || total
-------------------------+-------+-------++-------
Melee: Unarmed           |    63 |     7 ||    70
       Whip              |       |    36 ||    36
 Cast: Flame Tongue      |    57 |    76 ||   133
       Throw Flame       |       |     2 ||     2
 Stab: Sleeping          |       |     2 ||     2
